 Dungeon Crawl Stone Soup version 0.30.1 (webtiles) character file.

Game seed: 7096933553876485782

53 Destapler the Chopper (level 3, -8/30 HPs)
             Began as a Hill Orc Reaver on July 8, 2023.
             Shot with a sling bullet by a goblin (16 damage)
             ... led by Robin
             ... on level 2 of the Dungeon.
             The game lasted 00:04:58 (1312 turns).

Destapler the Chopper (Hill Orc Reaver)             Turns: 1312, Time: 00:05:01

Health: -8/30      AC:  3    Str: 16    XL:     3   Next: 87%
Magic:  6/6        EV: 11    Int: 13    God:
Gold:   70         SH:  0    Dex:  9    Spells: 5/6 levels left

rFire   . . .        a - +0 hand axe
rCold   + . .        (no shield)
rNeg    . . .        b - +0 leather armour
rPois   .            (no helmet)
rElec   .            (no cloak)
rCorr   .            (no gloves)
SInv    .            (no boots)
Will    .....        (no amulet)
Stlth   +            h - ring of protection from cold
HPRegen 0.25/turn    (no ring)
MPRegen 0.10/turn

%: no passive effects
@: no status effects
A: no striking features
a: no special abilities


You were on level 2 of the Dungeon.
You visited 1 branch of the dungeon, and saw 2 of its levels.

You collected 70 gold pieces.

Inventory:

Hand Weapons
 a - a +0 hand axe (weapon)
Armour
 b - a +0 leather armour (worn)
Jewellery
 h - a ring of protection from cold (left hand)
Scrolls
 c - a scroll of teleportation {unknown}
 d - a scroll of enchant weapon {unknown}
 f - a scroll of identify {unknown}
 g - a scroll of poison {unknown}
 i - a scroll of enchant armour {unknown}
Potions
 e - 2 potions of ambrosia {unknown}
 j - 2 potions of degeneration {unknown}
 k - a potion of berserk rage {unknown}


   Skills:
 + Level 2.8 Fighting
 + Level 4.2 Axes
 + Level 1.7 Dodging
 * Level 2.1 Spellcasting
 + Level 3.2 Conjurations
 + Level 0.9 Necromancy
 + Level 0.6 Translocations


You had 5 spell levels left.
You knew the following spells:

 Your Spells              Type           Power      Damage    Failure   Level
a - Kiss of Death         Conj/Necr      24%        2d7       13%         1

Your spell library contained the following spells:

 Spells                   Type           Power      Damage    Failure   Level
 Momentum Strike          Conj/Tloc      12%        3d8       21%         2
 Necrotise                Necr           12%        1d4       22%         1
 Apportation              Tloc           6%         N/A       24%         1
 Summon Small Mammal      Summ           4%         N/A       30%         1
 Blink                    Tloc           6%         N/A       34%         2
 Cigotuvi's Dreadful Rot  Necr/Pois/Air  4%         N/A       38%         2
 Hailstorm                Conj/Ice       5%         3d4       43%         3
 Ignite Poison            Fire/Tmut/Pois 1%         N/A       67%         3
 Manifold Assault         Tloc           3%         N/A       93%         4
 Freezing Cloud           Conj/Ice/Air   2%         6-21      99%         5
 Storm Form               Tmut/Air       0%         N/A       100%        7


Dungeon Overview and Level Annotations

Branches:
Dungeon (2/15)

Altars:

Shops:
D:1 (


Message History

The goblin closely misses you.
You slash the goblin!
You kill the goblin!
No target in view!
You start resting.
HP restored.
You climb downwards.
Level annotation: Robin The goblin unwields a +0 dagger.
The goblin wields a +0 sling of electrocution.
You hear the crackle of electricity.
The goblin shoots a sling bullet.
The sling bullet misses you.
There is a stone staircase leading up here.
The goblin shoots a sling bullet.
The sling bullet barely misses you. Robin completely misses you.
You climb upwards.
There is a stone staircase leading down, spattered with blood here.
You closely miss Robin. Robin hits you with a +0 short sword.
You closely miss Robin. Robin hits you but does no damage.
You hit Robin.
Robin is moderately wounded.
Robin hits you but does no damage.
You barely miss Robin.
Robin is moderately wounded.
Robin hits you with a +0 short sword.
You hit Robin.
Robin is heavily wounded.
Robin misses you.
You slash Robin!
You kill Robin!
No target in view!
No target in view!
You climb downwards.
The ogre hits you with a +0 giant club!
Ouch! That really hurt!
* * * LOW HITPOINT WARNING * * *
The goblin shoots a sling bullet.
The sling bullet hits you.
* * * LOW HITPOINT WARNING * * *
You are electrocuted!
Ouch! That really hurt!
You die...

#####.###.g..g.# #...#.#.#
#...# #...#.g.##.####.....#)#
#.#.#
###.)##.......#.#.###.###.#.#
##.....#.##.#.#.........#.#
###..##.#..#.#.#.........#
##.##.#..#.#............
#.##.#....#.#..########
#.g#.#.O####........#
##....@....).######...
###.###.##.## #.#......#
#....>.#+# #...##.. ##.###...
#.# .... #.. ..... .#


You could see an ogre and a goblin.

Vanquished Creatures
  Robin (D:1)
  3 dart slugs
  2 endoplasms (D:1)
  A giant cockroach (D:1)
  10 goblins
  3 hobgoblins
  A quokka (D:1)
  2 ball pythons (D:1)
  2 bats
  2 frilled lizards
  3 kobolds (D:1)
  A rat (D:1)
31 creatures vanquished.

Notes
Turn   | Place    | Note
-------+----------+-------------------------------------------
     0 | D:1      | Destapler the Hill Orc Reaver began the quest for the Orb.
     0 | D:1      | Reached XP level 1. HP: 18/18 MP: 3/3
   249 | D:1      | Reached XP level 2. HP: 23/25 MP: 4/4
   281 | D:1      | Found Pucop's Antique Weapon Shoppe.
   956 | D:2      | Reached XP level 3. HP: 29/30 MP: 4/6
  1098 | D:2      | Noticed an ogre
  1102 | D:2      | Noticed Robin
  1310 | D:1      | Killed Robin
  1312 | D:2      | Shot with a sling bullet by a goblin

Illustrated notes

Levels and vault maps discovered:
D:1:      co_arrival_random_square_maze, layout_basic, serial_shops,
          nicolae_shop_peninsula
D:2:      kennysheep_six_static_rooms, layout_basic, minmay_crystal_water,
          uniq_robin

Skill      XL: |  1  2 |
---------------+-------+-----
Spellcasting   | 2 |  2.1
Fighting       | |  2.8
Axes           | |  4.2
Dodging        | |  1.7
Conjurations   | |  3.2
Necromancy     | |  0.9
Translocations | |  0.6

Action                     || total
---------------------------++-------
  Melee: Hand axe          ||   106
 Armour: Leather armour    ||    36
  Dodge: Dodged            ||    79
